 Dungeon Crawl Stone Soup version 0.26-a0-259-g1effd001a9 (webtiles) character file.

Game seed: 17266787777148438537

39589 Apogee the Thaumaturge (level 13, -3/82 HPs)
             Began as a Deep Elf Conjurer on July 26, 2020.
             Was a High Priest of Sif Muna.
             Slain by a seven-headed hydra (5 damage)
             ... while petrified by a basilisk
             ... on level 2 of the Lair of Beasts.
             The game lasted 01:26:28 (29063 turns).

Apogee the Thaumaturge (Deep Elf Conjurer)         Turns: 29063, Time: 01:26:29

Health: -3/82      AC:  9    Str:  7    XL:     13   Next: 70%
Magic:  31/33      EV:  2    Int: 29    God:    Sif Muna [*****.]
Gold:   199        SH:  0    Dex: 13    Spells: 3/40 levels left

rFire    . . .     SeeInvis .   L - +4 spear (venom)
rCold    + . .     Faith    .   Q - +0 buckler {rC+}
rNeg     + + +     Spirit   .   S - +2 robe
rPois    ∞         Reflect  +   n - +1 helmet
rElec    .         Harm     .   N - +0 cloak
rCorr    .                      D - +0 pair of gloves {Str+3}
MR       ++...                  T - +0 pair of boots
Stlth    ++........             k - amulet of reflection
HPRegen  0.23/turn              l - ring of protection from magic
MPRegen  0.23/turn              R - ring of flight

@: petrified
A: no striking features
a: Channel Magic, Forget Spell, Divine Exegesis, Renounce Religion, Evoke Flight


You were on level 2 of the Lair of Beasts.
You worshipped Sif Muna.
Sif Muna was extremely pleased with you.
You were not hungry.

You visited 4 branches of the dungeon, and saw 17 of its levels.

You collected 1459 gold pieces.
You spent 1260 gold pieces at shops.

Inventory:

Hand Weapons
 r - a +3 dagger of freezing
   (You took it off an orc on level 4 of the Dungeon)
 L - a +4 spear of venom (weapon)
   (You took it off a gnoll sergeant on level 9 of the Dungeon)
Missiles
 f - 396 stones (quivered)
 o - 2 throwing nets {!f}
Armour
 n - a +1 helmet (worn)
   (You found it on level 2 of the Dungeon)
 D - a +0 pair of gloves of strength (worn)
   (You bought it in a shop on level 2 of the Orcish Mines)
 N - a +0 cloak (worn)
   (You found it on level 3 of the Lair of Beasts)
 Q - a +0 buckler of cold resistance (worn)
   (You found it on level 1 of the Lair of Beasts)
 S - a +2 robe (worn)
   (You took it off an orc sorcerer on level 1 of the Orcish Mines)
 T - a +0 pair of boots (worn)
   (You bought it in a shop on level 2 of the Orcish Mines)
Jewellery
 i - an uncursed ring of protection from fire
   (You took it off an orc wizard on level 7 of the Dungeon)
 k - an amulet of reflection (around neck)
   (You found it on level 2 of the Dungeon)
 l - a ring of protection from magic (left hand)
   (You found it on level 2 of the Lair of Beasts)
 s - an uncursed ring of resist corrosion
   (You found it on level 5 of the Dungeon)
 R - a ring of flight (right hand)
   (You found it on level 4 of the Lair of Beasts)
Wands
 c - a wand of disintegration (9)
   (You found it on level 2 of the Lair of Beasts)
 d - a wand of iceblast (12)
   (You took it off an orc warrior on level 7 of the Dungeon)
 t - a wand of flame (13)
   (You found it on level 1 of the Lair of Beasts)
 u - a wand of paralysis (7)
   (You found it on level 8 of the Dungeon)
 v - a wand of digging (4)
   (You took it off Urug on level 10 of the Dungeon)
 x - a wand of acid (8)
   (You found it on level 5 of the Dungeon)
 A - a wand of clouds (2)
   (You found it on level 9 of the Dungeon)
 I - a wand of polymorph (37)
   (You found it on level 6 of the Dungeon)
 O - a wand of enslavement (11)
   (You took it off an orc sorcerer on level 10 of the Dungeon)
Scrolls
 m - 7 scrolls of remove curse {@r2}
 p - 2 scrolls of enchant armour
 B - 3 scrolls of blinking
 F - 3 scrolls of teleportation {@r4}
 G - 2 scrolls of identify {@r1}
 H - a scroll of fear
 K - 2 scrolls of fog
Potions
 a - a potion of resistance {unknown}
 b - 3 potions of invisibility
 g - 2 potions of flight {unknown}
 h - 6 potions of curing {@q1}
 j - 2 potions of cancellation {unknown}
 q - 6 potions of heal wounds {@q2}
 w - a potion of berserk rage {unknown}
 y - 3 potions of might
 z - 3 potions of lignification {!q}
 C - a potion of ambrosia {unknown}
 E - 5 potions of brilliance
 J - 3 potions of degeneration {unknown}
 P - a potion of stabbing {unknown}
Miscellaneous
 M - a lightning rod (4/4) {!a}
   (You found it on level 9 of the Dungeon)
Comestibles
 e - 33 rations {!d}


   Skills:
 - Level 10.1 Fighting
 - Level 14.0 Dodging
 - Level 3.6 Stealth
 - Level 5.0 Shields
 - Level 14.0 Spellcasting
 - Level 10.0 Conjurations
 - Level 4.0 Hexes
 + Level 1.0 Charms
 - Level 4.0 Translocations
 - Level 4.0 Fire Magic
 - Level 4.0 Earth Magic
 - Level 4.0 Invocations


You had 3 spell levels left.
You knew the following spells:

 Your Spells              Type           Power        Failure   Level
a - Magic Dart            Conj           ####         1%          1
b - Dazzling Flash        Conj/Hex       ######       1%          3
c - Fireball              Conj/Fire      ######....   3%          5
d - Bolt of Magma         Conj/Fire/Erth ######....   6%          5
e - Iron Shot             Conj/Erth      ######....   22%         6
i - Iskenderun's Battles  Conj/Chrm      ######..     7%          5
s - Searing Ray           Conj           ######       1%          2
x - Iskenderun's Mystic   Conj/Tloc      ######..     1%          4
z - Fulminant Prism       Conj/Hex       ######....   1%          4
Z - Sublimation of Blood  Necr           ###.......   3%          2

Your spell library contained the following spells:

 Spells                   Type           Power        Failure   Level
 Foxfire                  Conj/Fire      ####         1%          1
 Conjure Flame            Conj/Fire      ######..     1%          3
 Inner Flame              Hex/Fire       #####...     1%          3
 Animate Skeleton         Necr           ###...       2%          1
 Pain                     Necr           ###.         2%          1
 Vampiric Draining        Necr           ###.......   8%          3
 Sticky Flame             Conj/Fire      ######..     1%          4
 Leda's Liquefaction      Hex/Erth       #####.....   4%          4
 Lee's Rapid Deconstruct  Erth           #####.....   13%         5
 Animate Dead             Necr           ###.......   24%         4
 Orb of Destruction       Conj           ######....   34%         7
 Agony                    Necr           ###.....     56%         5
 Spellforged Servitor     Conj/Summ      #####.....   95%         7


Dungeon Overview and Level Annotations

Branches:
Dungeon (10/15)            Temple (1/1) D:7            Lair (4/6) D:10
    Orc (2/2) D:10            Elf (0/3) Orc:2
  Swamp: Lair:2-4    Shoals: Lair:2-4     Snake: Lair:2-4    Spider: Lair:2-4

Altars:
Ashenzari
Cheibriados
Dithmenos
Elyvilon
Fedhas
Gozag
Hepliaklqana
Kikubaaqudgha
Makhleb
Nemelex Xobeh
Okawaru
Qazlal
Ru
Sif Muna
Trog
Uskayaw
Vehumet
Wu Jian
Xom
Yredelemnul
Zin
The Shining One
Beogh

Shops:
D:5 *   D:9 :   Orc:1 (   Orc:2 **[(:%%

Annotations:
D:4 1 runed translucent door, Crazy Yiuf


Message History

There is a stone staircase leading up here.
You erupt in a blast of force!
The mystic blast hits the seven-headed hydra.
The seven-headed hydra roars!
The basilisk gazes at you.
You are slowing down.
The seven-headed hydra bites you! x2
The seven-headed hydra closely misses you.
The seven-headed hydra bites you! x2
The seven-headed hydra barely misses you.
The seven-headed hydra bites you.
Your limbs are stiffening.
You climb upwards.
You have turned to stone.
The seven-headed hydra bites you. The seven-headed hydra bites you!
The seven-headed hydra bites you. x3
The seven-headed hydra bites you but does no damage. x2
The seven-headed hydra bites you but does no damage.
The seven-headed hydra bites you! x2
* * * LOW HITPOINT WARNING * * *
The seven-headed hydra bites you.
* * * LOW HITPOINT WARNING * * *
The seven-headed hydra bites you.
* * * LOW HITPOINT WARNING * * *
The seven-headed hydra bites you. The seven-headed hydra bites you!
* * * LOW HITPOINT WARNING * * *
The seven-headed hydra bites you but does no damage. x2
The seven-headed hydra bites you.
* * * LOW HITPOINT WARNING * * *
The seven-headed hydra bites you but does no damage. x2
The seven-headed hydra bites you!
* * * LOW HITPOINT WARNING * * *
The seven-headed hydra bites you but does no damage. x3
The seven-headed hydra barely misses you.
The seven-headed hydra bites you.
* * * LOW HITPOINT WARNING * * *
The seven-headed hydra bites you!
* * * LOW HITPOINT WARNING * * *
The seven-headed hydra bites you but does no damage.
The seven-headed hydra bites you!
* * * LOW HITPOINT WARNING * * *
The seven-headed hydra bites you!
* * * LOW HITPOINT WARNING * * *
The seven-headed hydra bites you but does no damage.
The seven-headed hydra bites you.
* * * LOW HITPOINT WARNING * * *
The seven-headed hydra bites you.
* * * LOW HITPOINT WARNING * * *
The seven-headed hydra bites you!
* * * LOW HITPOINT WARNING * * *
The seven-headed hydra bites you!
You die...

##......#..####.....#............
.......#.+..###.....#............
.#.....##.....##....+.........#..
.......##.....'.....P.........#..
#.............##....#.........#..
.......P#.....#.....P..<.........
##.....##...####..............#..
##........#.##.#....#.........#..
##.............D@....##.##+......
##...............................
.................................
.................................
........##....##.................
.P#....##.#..#...................
.P.....###..#.#............#.....
.P.....###...###...........#.....
........##....##.....#...........


You could see a seven-headed hydra.

Vanquished Creatures
  An orc warlord (Orc:2)
  An ettin (Orc:1)
  3 two-headed ogres (D:9)
  5 orc high priests
  Urug (D:10)
  Nergalle (Lair:2)
  Pikel (D:6)
  9 orc knights
  7 orc sorcerers
  A cyclops (D:10)
  2 black mambas
  2 oklob plants (Lair:1)
  Psyche (D:10)
  4 cane toads
  3 trolls (Orc:1)
  3 hornets
  4 blink frogs (Lair:2)
  5 hippogriffs
  Sigmund (D:6)
  30 yaks
  A shadow (D:10)
  A tarantella (shapeshifter) (D:10)
  A wyvern (Lair:3)
  2 basilisks
  Eustachio (D:4)
  5 wargs
  Menkaure (D:6)
  3 water moccasins
  Duvessa (D:4)
  4 porcupines
  An ice beast (D:6)
  4 sky beasts
  27 orc warriors
  A black bear (D:8)
  2 necrophages
  2 hornet zombies
  An eye of draining (D:10)
  5 ogres
  2 phantoms (D:10)
  9 wolves
  10 centaurs
  7 crocodiles
  4 lemures (D:6)
  A big kobold (D:9)
  11 bullfrogs
  6 gnoll sergeants (D:9)
  A jelly (D:5)
  A water moccasin zombie (D:5)
  Dowan (D:4)
  2 scorpions
  16 killer bees
  2 electric eels
  8 howler monkeys
  A bullfrog zombie (D:5)
  3 centaur skeletons
  9 hounds
  3 gnoll shamans
  21 orc priests
  3 bullfrog skeletons
  Natasha (thrice) (D:4)
  An iguana (D:8)
  28 orc wizards
  10 worker ants
  A killer bee zombie (D:6)
  8 ogre zombies (D:10)
  2 hound skeletons
  A worker ant zombie (D:7)
  19 gnolls
  11 adders
  2 shadow imps
  A white imp (D:6)
  2 ufetubi
  2 oozes
  2 adder zombies
  2 adder skeletons
  5 worms
  4 leopard geckos
  84 orcs
  2 ball pythons
  4 giant cockroaches
  5 goblins
  6 hobgoblins
  15 jackals
  9 quokkas
  9 bats
  7 frilled lizards
  A goblin skeleton (D:10)
  A goblin zombie (D:10)
  2 hobgoblin skeletons (D:10)
  3 hobgoblin zombies (D:10)
  A jackal zombie (D:5)
  9 kobolds
  2 leopard gecko skeletons
  An orc skeleton (D:10)
  17 orc zombies (D:10)
  8 rats
  2 fulminant prisms
  3 plants (Lair:1)
564 creatures vanquished.

Vanquished Creatures (others)
  2 orc wizards (Orc:2)
  An orc (Orc:2)
  133 fulminant prisms
  4 fungi
  14 toadstools (Lair:3)
154 creatures vanquished.

Grand Total: 718 creatures vanquished

Notes
Turn   | Place    | Note
-------+----------+-------------------------------------------
     0 | D:1      | Apogee the Deep Elf Conjurer began the quest for the Orb.
     0 | D:1      | Reached XP level 1. HP: 10/10 MP: 6/6
   259 | D:1      | Reached XP level 2. HP: 15/15 MP: 2/8
  1288 | D:2      | Reached skill level 5 in Conjurations
  1288 | D:2      | Reached XP level 3. HP: 19/19 MP: 6/10
  1292 | D:2      | Learned a level 2 spell: Searing Ray
  1296 | D:2      | Learned a level 3 spell: Dazzling Flash
  1487 | D:2      | Reached skill level 1 in Hexes
  1782 | D:2      | Reached XP level 4. HP: 24/24 MP: 8/12
  2166 | D:2      | Found a bloodstained altar of Trog.
  2501 | D:3      | Learned a level 4 spell: Iskenderun's Mystic Blast
  3417 | D:4      | Reached skill level 5 in Spellcasting
  3417 | D:4      | Reached skill level 1 in Translocations
  3417 | D:4      | Reached XP level 5. HP: 26/28 MP: 6/14
  3526 | D:4      | Noticed Duvessa
  3559 | D:4      | Noticed Dowan
  3576 | D:4      | Learned a level 4 spell: Fulminant Prism
  3678 | D:4      | Found a sacrificial altar of Ru.
  3710 | D:4      | Noticed Eustachio
  3720 | D:4      | Killed Eustachio
  3720 | D:4      | Reached XP level 6. HP: 21/32 MP: 8/16
  3992 | D:5      | Entered Level 5 of the Dungeon
  4035 | D:4      | Noticed Natasha
  4037 | D:4      | Killed Natasha
  4415 | D:4      | Reached XP level 7. HP: 36/36 MP: 14/19
  4515 | D:4      | Found a runed translucent door.
  4516 | D:4      | Noticed Crazy Yiuf
  4697 | D:4      | Noticed Natasha
  5061 | D:5      | Reached skill level 1 in Fighting
  5748 | D:5      | Reached XP level 8. HP: 43/43 MP: 18/21
  5770 | D:5      | Found Ychot's General Store.
  5773 | D:5      | Bought a scroll of remove curse for 33 gold pieces
  5773 | D:5      | Bought a scroll of identify for 22 gold pieces
  6405 | D:4      | Killed Natasha
  6476 | D:4      | Killed Dowan
  6509 | D:4      | Killed Duvessa
  6770 | D:4      | Noticed Natasha
  6779 | D:4      | Killed Natasha
  7367 | D:6      | Noticed Sigmund
  7375 | D:6      | Killed Sigmund
  7651 | D:6      | Noticed Menkaure
  7658 | D:6      | Killed Menkaure
  7667 | D:6      | Reached XP level 9. HP: 29/52 MP: 7/24
  7994 | D:6      | Noticed Pikel
  8252 | D:6      | Killed Pikel
  8252 | D:6      | Reached skill level 10 in Spellcasting
  8728 | D:7      | Reached skill level 5 in Fighting
  8980 | D:7      | Reached skill level 10 in Conjurations
  9044 | D:7      | Found a staircase to the Ecumenical Temple.
  9151 | Temple   | Entered the Ecumenical Temple
  9271 | Temple   | Became a worshipper of Sif Muna the Loreminder
  9944 | D:8      | Reached XP level 10. HP: 37/60 MP: 19/26
 10293 | D:8      | Reached * piety under Sif Muna
 10327 | D:8      | Reached skill level 5 in Dodging
 11354 | D:9      | Noticed a two-headed ogre
 11373 | D:9      | Noticed a two-headed ogre
 11578 | D:8      | Reached ** piety under Sif Muna
 11920 | D:9      | Found Gairafo's Book Boutique.
 12073 | D:9      | Noticed a two-headed ogre
 12078 | D:9      | Killed a two-headed ogre
 12953 | D:9      | Killed a two-headed ogre
 12953 | D:9      | Reached XP level 11. HP: 69/69 MP: 7/27
 13213 | D:9      | Killed a two-headed ogre
 13587 | D:9      | Reached *** piety under Sif Muna
 14545 | D:10     | Entered Level 10 of the Dungeon
 14660 | D:10     | Noticed Psyche
 14664 | D:10     | Killed Psyche
 14664 | D:10     | Reached skill level 10 in Dodging
 15419 | D:10     | Noticed an orc sorcerer
 15421 | D:10     | Noticed a spark wasp
 15618 | D:10     | Reached **** piety under Sif Muna
 15800 | D:10     | Found a staircase to the Orcish Mines.
 16346 | D:10     | Noticed Urug
 16366 | D:10     | Killed Urug
 16366 | D:10     | Reached skill level 10 in Fighting
 16366 | D:10     | Reached skill level 1 in Invocations
 17249 | D:10     | Found a staircase to the Lair.
 17881 | D:10     | Paralysed by an orc sorcerer for 5 turns
 17881 | D:10     | Killed an orc sorcerer
 17881 | D:10     | Reached XP level 12. HP: 77/77 MP: 20/28
 18086 | Orc:1    | Entered Level 1 of the Orcish Mines
 18241 | Orc:1    | Noticed an ettin
 18344 | Orc:1    | Killed an ettin
 18801 | Orc:1    | Found Nuixuen's Antique Weapon Shoppe.
 18819 | Orc:1    | Reached ***** piety under Sif Muna
 18879 | Orc:1    | Bought a glimmering long sword for 255 gold pieces
 18879 | Orc:1    | Identified the +4 long sword "Myan" {antimagic, rF+ rC+}
                  | (You bought it in a shop on level 1 of the Orcish Mines)
 19421 | Orc:1    | Received a gift from Sif Muna
 19429 | Orc:1    | Learned a level 5 spell: Fireball
 19654 | Orc:1    | Noticed an orc high priest
 19660 | Orc:1    | Killed an orc high priest
 19660 | Orc:1    | Reached skill level 1 in Fire Magic
 20569 | Orc:1    | Found a roughly hewn altar of Beogh.
 20642 | Orc:2    | Entered Level 2 of the Orcish Mines
 21368 | Orc:2    | Noticed an orc warlord
 21631 | Orc:2    | Killed an orc warlord
 22696 | Orc:2    | Found a staircase to the Elven Halls.
 23496 | Orc:2    | Noticed an orc high priest
 23504 | Orc:2    | Killed an orc high priest
 23615 | Orc:2    | Paralysed by an orc sorcerer for 7 turns
 23996 | Orc:2    | Reached XP level 13. HP: 82/82 MP: 24/32
 24412 | Orc:2    | Found Fepau's Assorted Antiques.
 24418 | Orc:2    | Found Kiaprim's Assorted Antiques.
 24418 | Orc:2    | Found Godajij's Antique Armour Shop.
 24423 | Orc:2    | Bought a scroll labeled IGIAT HOSMUFF for 24 gold pieces
 24423 | Orc:2    | Bought a scroll labeled ORYKAB QITA for 24 gold pieces
 24423 | Orc:2    | Bought a pair of boots for 108 gold pieces
 24426 | Orc:2    | Bought a scroll of identify for 56 gold pieces
 24426 | Orc:2    | Bought a scroll of identify for 56 gold pieces
 24429 | Orc:2    | Bought a pair of runed gloves for 142 gold pieces
 25244 | Orc:2    | Found Kolunis's Weapon Shop.
 25244 | Orc:2    | Found Beozoeja's Food Shoppe.
 25246 | Orc:2    | Found Qaroor's Book Shop.
 25246 | Orc:2    | Found Uhu Ytou's Food Shoppe.
 25254 | Orc:2    | Bought a book of Power for 540 gold pieces
 25344 | Orc:2    | Learned a level 5 spell: Iskenderun's Battlesphere
 25350 | Orc:2    | Learned a level 5 spell: Bolt of Magma
 25445 | Lair:1   | Entered Level 1 of the Lair of Beasts
 25701 | Lair:1   | Reached skill level 1 in Earth Magic
 26166 | Lair:1   | Reached skill level 1 in Shields
 27311 | Lair:2   | You fall into a shaft and drop 2 floors!
 27434 | Lair:4   | Identified Sif Muna's Grimoire of Earthen Sinister Rituals
                  | (Sif Muna gifted it to you on level 4 of the Lair of
                  | Beasts)
 27434 | Lair:4   | Received a gift from Sif Muna
 28327 | Lair:2   | Noticed Nergalle
 28517 | Lair:2   | Killed Nergalle
 28659 | Lair:2   | Reached skill level 5 in Shields
 28663 | Lair:2   | Learned a level 2 spell: Sublimation of Blood
 28670 | Lair:2   | Learned a level 6 spell: Iron Shot
 28941 | Lair:2   | Reached skill level 1 in Charms
 29063 | Lair:2   | HP: 2/82 [seven-headed hydra (5)]
 29063 | Lair:2   | Slain by a seven-headed hydra

Illustrated notes

Levels and vault maps discovered:
D:1:      tarquinn_simple_flora_water_d, layout_basic
D:2:      layout_loops_ring, trog_hazing_becter
D:3:      layout_loops_ring, first_ration
D:4:      layout_basic, nicolae_ru_the_path_less_chosen, uniq_eustachio,
          uniq_natasha, uniq_crazy_yiuf_cottage, uniq_duvessa
D:5:      layout_gridville, serial_shops, kennysheep_mini_moat
D:6:      layout_loops_cross, nicolae_sextant, uniq_sigmund, uniq_menkaure,
          uniq_pikel
D:7:      layout_basic, temple_fountains
D:8:      layout_loops_cross
D:9:      layout_cave_pools, serial_gnoll_camp, gnoll_camp_mini_shop,
          gnoll_camp_huts_basic, gnoll_camp_mini_sergeant, gnoll_camp_mini_hut,
          gnoll_camp_mini_hut, gnoll_camp_medium_01, hangedman_pestilent_swarm
D:10:     layout_irregular_city, david_lair_generic, zombieorc2_lemuel,
          uniq_psyche, uniq_urug
Temple:   kilobyte_greek_temple
Lair:1:   layout_chaotic_city, st_stairs_7, beast_lair_carwin_4,
          grunt_megastairs_2, minmay_lair_oklob_chamber,
          infiniplex_staircase_pool_2, serial_bayou_shore_a
Lair:2:   layout_regular_city, uniq_nergalle
Lair:3:   layout_regular_city, spider_nest_entry_rubble,
          gammafunk_ghost_necromancy, tgw_fedhas
Lair:4:   layout_gridlike, shoals_dummy_entry, wad_woods_river_03,
          minmay_shattered_shrine, serial_bayou_shore_b
Orc:1:    layout_caves, serial_shops, shop_statue, minmay_orc_temple_c
Orc:2:    grunt_orc_tribal_feast, layout_diamond_mine, guppyfry_orc_lava_fort

Skill      XL: |  1  2  3  4  5  6  7  8  9 10 11 12 13 |
---------------+----------------------------------------+-----
Spellcasting   | 4 5 6 7 9 10 13 14 | 14.0
Conjurations   | 5 6 8 10 | 10.0
Hexes          | 1 2 3 4 |  4.0
Translocations | 1 2 3 4 |  4.0
Fighting       | 1 3 6 8 10 | 10.1
Dodging        | 3 8 10 13 14 | 14.0
Invocations    | 3 4 |  4.0
Fire Magic     | 4 |  4.0
Stealth        | 3 |  3.6
Earth Magic    | 4 |  4.0
Shields        | 5 |  5.0
Charms         | 1 |  1.0

Action                   |  1- 3 |  4- 6 |  7- 9 | 10-12 | 13-15 || total
-------------------------+-------+-------+-------+-------+-------++-------
Melee: Spear             |     5 |    13 |       |    45 |    68 ||   131
       Dagger            |       |     6 |    82 |    49 |       ||   137
       Long sword        |       |       |       |     1 |       ||     1
 Cast: Magic Dart        |    55 |    78 |    97 |   380 |    47 ||   657
       Searing Ray       |       |    16 |    49 |    90 |    11 ||   166
       Iskenderun's Myst |       |       |     6 |   112 |    43 ||   161
       Fulminant Prism   |       |       |    10 |   106 |    20 ||   136
       Fireball          |       |       |       |    45 |    32 ||    77
       Iskenderun's Batt |       |       |       |       |     9 ||     9
       Bolt of Magma     |       |       |       |       |     2 ||     2
Evoke: Wand              |       |       |       |     2 |     1 ||     3
  Use: Scroll            |     3 |     2 |     2 |    11 |     5 ||    23
       Potion            |       |       |     1 |       |       ||     1
 Stab: Sleeping          |     1 |       |       |       |       ||     1
  Eat: Ration            |     1 |     2 |     5 |    13 |     4 ||    25
Armor: Robe              |     2 |     9 |    21 |    24 |    24 ||    80
       Skin              |       |       |    16 |       |       ||    16
Dodge: Dodged            |     3 |    22 |    61 |   157 |    88 ||   331
Block: Other             |       |    11 |    25 |    50 |     4 ||    90
       Reflection        |       |     2 |       |    13 |       ||    15
       Buckler           |       |       |       |       |    36 ||    36
       Rpst.: Long sword |       |       |       |     1 |       ||     1

Table legend:
 A = Non-vault XP
 B = Vault XP
 C = Vault XP percentage of total XP
 D = Non-vault monster count
 E = Vault monster count
 F = Vault count percentage of total count
                 A         B        C        D         E       F
            +---------+---------+-------+---------+---------+-------
      Total |   33606 |   22950 |  40.6 |     390 |     165 |  29.7
            +---------+---------+-------+---------+---------+-------
        D:1 |      30 |       0 |   0.0 |      17 |       0 |   0.0
        D:2 |      83 |      10 |  10.8 |      20 |       6 |  23.1
        D:3 |      31 |       0 |   0.0 |      14 |       0 |   0.0
        D:4 |     781 |     449 |  36.5 |      38 |       4 |   9.5
        D:5 |     555 |       0 |   0.0 |      18 |       0 |   0.0
        D:6 |     563 |    1102 |  66.2 |      14 |       3 |  17.6
        D:7 |    1711 |       0 |   0.0 |      32 |       0 |   0.0
        D:8 |    2103 |       0 |   0.0 |      37 |       0 |   0.0
        D:9 |    4719 |    1573 |  25.0 |      39 |      34 |  46.6
       D:10 |    5312 |    3125 |  37.0 |      43 |      42 |  49.4
     Lair:1 |     962 |    1928 |  66.7 |       6 |      10 |  62.5
     Lair:2 |    4118 |     785 |  16.0 |      21 |       1 |   4.5
     Lair:3 |    1981 |       0 |   0.0 |      10 |       0 |   0.0
     Lair:4 |    2276 |       0 |   0.0 |      12 |       0 |   0.0
      Orc:1 |    3346 |    3030 |  47.5 |      28 |      28 |  50.0
      Orc:2 |    5035 |   10948 |  68.5 |      41 |      37 |  47.4
            +---------+---------+-------+---------+---------+-------
